 Dungeon Crawl Stone Soup version 0.28-a0-925-gd5e1996cdb (webtiles) character file.

Game seed: 14297911161505388755

2021 Greyr the Magician (level 9, -5/61 HPs)
             Began as a Djinni Fire Elementalist on July 18, 2021.
             Was a Follower of Cheibriados.
             Slain by a phantom (8 damage)
             ... on level 7 of the Dungeon on Nov 26, 2021.
             The game lasted 00:35:53 (6537 turns).

Greyr the Magician (Djinni Fire Elementalist)       Turns: 6537, Time: 00:35:53

Health: -5/61      AC: 10    Str: 11    XL:     9   Next: 47%
Gold:   344        EV: 14    Int: 21    God:    Cheibriados [*.....] SH:  0 Dex: 17

rFire   + + +      SeeInvis .   u - +1 dagger (venom)
rCold   . . .      Faith    .   (no shield)
rNeg    . . .      Spirit   .   c - +0 leather armour
rPois   ∞          Reflect  .   (no helmet)
rElec   +          Harm     .   y - +1 cloak
rCorr   +          Rampage  .   G - +0 pair of gloves
Will    .....                   (boots unavailable)
Stlth   +++.......              l - amulet of regeneration
HPRegen 1.00/turn               b - ring of willpower
MPRegen 0.00/turn               A - +4 ring of protection

@: mighty, brilliant, resistant, weak-willed, marked, attractive, flying,
hasted, unable to read, quick
A: sickness immunity, fire resistance 2, cold vulnerability 1, float, innate
caster, hp casting, extra vitality 1, strong 1, inability to read while
threatened
a: Renounce Religion, Bend Time


You were on level 7 of the Dungeon.
You worshipped Cheibriados.
Cheibriados was aware of your devotion.
You visited 2 branches of the dungeon, and saw 8 of its levels.

You collected 452 gold pieces.
You spent 108 gold pieces at shops.

Inventory:

Hand Weapons
 h - a +0 dagger
 i - a +0 hunting sling
 u - a +1 dagger of venom (weapon)
 D - a +0 rapier
 H - a +0 quarterstaff of flaming
 M - a +0 trident
 N - a +1 whip of flaming
Missiles
 a - 7 boomerangs
 j - 190 stones
 r - 18 poisoned darts (quivered)
 w - 5 curare-tipped darts
 O - 7 atropa-tipped darts
Armour
 c - a +0 leather armour (worn)
 y - a +1 cloak (worn)
 G - a +0 pair of gloves (worn)
Magical Staves
 v - a staff of cold
Jewellery
 b - a ring of willpower (left hand)
 l - an amulet of regeneration (around neck)
 A - a +4 ring of protection (right hand)
 P - a +4 ring of slaying
Wands
 K - a wand of flame (11)
 L - a wand of polymorph (6)
Scrolls
 k - a scroll of amnesia
 o - 2 scrolls of acquirement
 B - 2 scrolls of fear {unknown}
 C - a scroll of blinking {unknown}
 E - 4 scrolls of identify {unknown}
 I - a scroll of enchant weapon {unknown}
Potions
 p - a potion of mutation
 x - a potion of lignification {unknown}
 z - a potion of haste
 J - a potion of berserk rage {unknown}


   Skills:
 + Level 3.3 Fighting
 + Level 6.1 Dodging
 - Level 6.0 Stealth
 - Level 6.3 Spellcasting


You couldn't memorise any spells.
You knew the following spells:

 Your Spells              Type           Power      Damage    Failure   Level
a - Foxfire               Conj/Fire      100%       2x1d9     1%          1
b - Conjure Flame         Conj/Fire      49%        6-21      2%          3
c - Inner Flame           Hex/Fire       49%        N/A       2%          3
d - Sticky Flame          Conj/Fire      49%        2d7       10%         4
e - Fireball              Conj/Fire      24%        3d11      26%         5
f - Beastly Appendage     Tmut           98%        N/A       1%          1
g - Call Imp              Summ           49%        N/A       1%          2
h - Call Canine Familiar  Summ           49%        N/A       2%          3
i - Animate Dead          Necr           24%        N/A       10%         4
Your spell library was empty.

Dungeon Overview and Level Annotations

Branches:
Dungeon (7/15)             Temple (1/1) D:6

Altars:
Cheibriados
Elyvilon
Fedhas
Gozag
Hepliaklqana
Kikubaaqudgha
Makhleb
Nemelex Xobeh
Okawaru
Qazlal
Ru
Sif Muna
Trog
Vehumet
Xom
Yredelemnul
Zin
The Shining One

Shops:
D:3 [   D:4 [   D:6 (

Annotations:
D:2 1 runed translucent door, Crazy Yiuf
D:7 Harold


Innate Abilities, Weirdness & Mutations

You are immune to sickness and miasma.
You are immune to poison.
Your flesh is very heat resistant. (rF++)
You are vulnerable to cold. (rC-)
You float through the air rather than walking.
You learn spells naturally, not from books.
Your magical power is your life essence.
You have superior vitality. (+4 HP)
Your muscles are strong. (Str +2)
You sometimes lose the ability to read scrolls when taking damage.


Message History

Harold closely misses you. The phantom closely misses you.
Unknown command.
It was a potion of brilliance.
You feel clever all of a sudden. Harold hits you with a +0 war axe!
The phantom hits you.
You feel threatened and lose the ability to read scrolls!
The phantom blinks!
Unknown command.
You puncture Harold!
Harold looks as sick as possible!
Harold is moderately wounded.
You can read scrolls again.
Harold closely misses you.
The phantom hits you but does no damage.
You hit Harold but do no damage.
Harold looks as sick as possible!
Harold is moderately wounded.
Harold hits you with a +0 war axe!!
You feel threatened and lose the ability to read scrolls!
* * * LOW HITPOINT WARNING * * *
The phantom hits you but does no damage.
Unknown command.
Okay, then.
You feel better. Harold hits you with a +0 war axe.
The phantom hits you but does no damage.
The ice beast is attracted toward you.
It was a potion of haste.
You feel yourself speed up.
Cheibriados forgives your accidental hurry, just this once.
Harold hits you with a +0 war axe!!
* * * LOW HITPOINT WARNING * * *
The phantom hits you but does no damage.
Unknown command.
You cannot read scrolls in your current state!
You cannot read scrolls in your current state!
It was a potion of resistance.
You feel protected.
Your hearing returns.
Harold completely misses you.
Unknown command.
You hit Harold.
Harold is heavily wounded.
The phantom hits you!
You die...

..........................
#####..##.....####.######
##.##.######..........
######..#.#.####'#+#######
..........#....†.....#
.######(....#o.o.....#
#.#.#..#Zo......#
#...#..#o####+###
#.#....#o{W@#.#
#.....yKyy#@#.# !
####..YK5§5Y#'#####
...######†####Fy......#
..hy..).....##........#
......)....5##........#
##..........##........+
#..........##........#
#[.........#####'#...#


You could see Harold (extremely poisoned), a phantom (weak-willed), 2 ice
beasts, a kobold brigand, a bullfrog (weak-willed), 4 killer bees, 2 white imps,
2 orcs and a kobold (weak-willed).

Vanquished Creatures
  Pikel (D:5)
  A sky beast (D:6)
  2 black bears
  A lemure (D:5)
  A kobold brigand (D:6)
  A scorpion (D:6)
  A bullfrog (D:5)
  2 wights (D:6)
  3 bullfrog zombies
  3 hounds (D:5)
  2 orc priests
  A jelly (D:4)
  An orc wizard (D:5)
  2 iguanas (D:5)
  A hound skeleton (D:5)
  2 gnolls (D:6)
  4 river rats (D:6)
  10 adders
  A white imp (D:6)
  An adder zombie (D:5)
  2 worms (D:3)
  A dart slug (D:4)
  11 orcs
  4 ball pythons
  7 endoplasms
  3 giant cockroaches
  4 goblins
  5 hobgoblins
  3 jackals
  5 kobolds
  2 quokkas (D:1)
  7 bats
  3 frilled lizards
  6 rats
104 creatures vanquished.

Vanquished Creatures (collateral kills)
  A wyvern (D:7)
  Eustachio (D:5)
  A phantom (D:5)
  2 lemures (D:5)
  A gnoll sergeant (D:6)
  A wyvern skeleton (D:7)
  A wight (D:6)
  A howler monkey (D:7)
  A bullfrog zombie (D:5)
  2 hounds (D:5)
  An orc priest (D:6)
  2 iguanas (D:6)
  Ijyb (D:5)
  2 adders
  5 orcs
  A bat (D:3)
  3 kobolds
  5 foxfires (D:6)
32 creatures vanquished.

Vanquished Creatures (others)
  An orc wizard (D:7)
  373 foxfires
  2 fungi (D:6)
  22 plants (D:6)
398 creatures vanquished.

Grand Total: 534 creatures vanquished

Notes
Turn   | Place    | Note
-------+----------+-------------------------------------------
     0 | D:1      | Greyr the Djinni Fire Elementalist began the quest for the
                  | Orb.
     0 | D:1      | Reached XP level 1. HP: 15/15 MP: 0/0
   283 | D:1      | Reached XP level 2. HP: 19/21 MP: 0/0
   926 | D:1      | Reached XP level 3. HP: 24/25 MP: 0/0
   926 | D:1      | Learned a level 1 spell: Beastly Appendage
  1273 | D:2      | You are sucked into a shaft and drop 1 floor!
  1319 | D:3      | Found a glowing silver altar of Zin.
  1898 | D:2      | Reached XP level 4. HP: 29/31 MP: 0/0
  2126 | D:2      | Found a runed translucent door.
  2127 | D:2      | Noticed Crazy Yiuf
  2443 | D:3      | Found Murethrui's Armour Shop.
  2458 | D:3      | Bought a +0 cloak for 63 gold pieces
  2788 | D:3      | Reached XP level 5. HP: 35/35 MP: 0/0
  2788 | D:3      | Learned a level 2 spell: Call Imp
  3449 | D:4      | Found a glowing golden altar of the Shining One.
  3519 | D:4      | Found Wialex's Armour Emporium.
  3527 | D:4      | Bought a +0 pair of gloves for 45 gold pieces
  3597 | D:5      | Entered Level 5 of the Dungeon
  3668 | D:5      | Reached XP level 6. HP: 40/40 MP: 0/0
  3675 | D:5      | Noticed Eustachio
  3718 | D:5      | Killed Eustachio
  3759 | D:5      | Reached XP level 7. HP: 45/45 MP: 0/0
  3759 | D:5      | Learned a level 3 spell: Call Canine Familiar
  3788 | D:5      | Noticed Pikel
  3893 | D:5      | Noticed Ijyb
  4276 | D:5      | Killed Pikel
  4277 | D:5      | Reached skill level 5 in Dodging
  4277 | D:5      | Reached skill level 5 in Spellcasting
  4277 | D:5      | Reached XP level 8. HP: 35/50 MP: 0/0
  4328 | D:5      | Killed Ijyb
  5046 | D:6      | Found a staircase to the Ecumenical Temple.
  5054 | Temple   | Entered the Ecumenical Temple
  5276 | Temple   | Became a worshipper of Elyvilon the Healer
  5315 | D:6      | Reached skill level 5 in Stealth
  5467 | D:6      | Reached skill level 1 in Fighting
  5467 | D:6      | Reached XP level 9. HP: 48/57 MP: 0/0
  5467 | D:6      | Learned a level 4 spell: Animate Dead
  5493 | D:6      | Found Nasiudov's Weapon Shoppe.
  5584 | D:6      | Found a burning altar of Makhleb.
  5654 | Temple   | Fell from the grace of Elyvilon
  5721 | Temple   | Became a worshipper of Cheibriados the Contemplative
  5794 | D:6      | Found a snail-covered altar of Cheibriados.
  5963 | D:6      | Found a sacrificial altar of Ru.
  6023 | D:6      | Upgraded the game from 0.27-a0-1590-g15f69828bf to
                  | 0.28-a0-925-gd5e1996cdb
  6152 | D:6      | Reached * piety under Cheibriados
  6502 | D:7      | Identified 3 scrolls of acquirement
  6502 | D:7      | Acquired a +4 ring of slaying
  6513 | D:7      | Noticed Harold
  6528 | D:7      | Gained mutation: You sometimes lose the ability to read
                  | scrolls when taking damage. [potion of mutation]
  6528 | D:7      | Gained mutation: Your muscles are strong. (Str +2) [potion
                  | of mutation]
  6535 | D:7      | HP: 2/61 [Harold (20)]
  6537 | D:7      | Slain by a phantom

Illustrated notes

Levels and vault maps discovered:
D:1:      dpeg_arrival_erosion, layout_basic, minmay_tall_x
D:2:      layout_loops_ring, uniq_crazy_yiuf_cottage
D:3:      layout_loops_ring, nicolae_overflow_crystal_walls, serial_shops,
          nicolae_shop_statue_plus
D:4:      layout_cave_pools, lemuel_crystal_altar, serial_glass,
          glass_columns_a, glass_columns_a, serial_shops, shop,
          chequers_serial_rivers_large_a
D:5:      layout_basic, wad_rectangle_vault, uniq_ijyb, uniq_pikel,
          uniq_eustachio
D:6:      wad_woods_stonehenge, layout_basic, nicolae_ru_awakened_eye,
          mainiacjoe_overflow_chevrons, serial_shops, shop
D:7:      layout_basic, kennysheep_mini, kennysheep_small_circle, uniq_harold
Temple:   dpeg_chambers_temple

Skill      XL: |  1  2  3  4  5  6  7  8  9 |
---------------+----------------------------+-----
Spellcasting   | 3 4 5 6 |  6.3
Stealth        | 2 3 4 5 6 |  6.0
Dodging        | 3 5 6 |  6.1
Fighting       | 1 3 |  3.3

Action                   |  1- 3 |  4- 6 |  7- 9 || total
-------------------------+-------+-------+-------++-------
Melee: Unarmed           |     3 |       |       ||     3
       Dagger            |       |    43 |    36 ||    79
Throw: Dart              |       |       |     3 ||     3
 Cast: Foxfire           |    59 |    51 |   120 ||   230
       Call Imp          |       |    10 |    34 ||    44
       Call Canine Famil |       |       |    19 ||    19
       Sticky Flame      |       |       |     2 ||     2
       Conjure Flame     |       |       |     4 ||     4
       Fireball          |       |       |     1 ||     1
Invok: Renounce Religion |       |       |     1 ||     1
Evoke: Wand              |       |       |     1 ||     1
  Use: Potion            |       |       |    10 ||    10
       Scroll            |       |       |     6 ||     6
 Stab: Sleeping          |       |     1 |       ||     1
       Distracted        |       |       |     1 ||     1
Armor: Robe              |     1 |       |       ||     1
       Leather armour    |    12 |    21 |    56 ||    89
Dodge: Dodged            |    17 |    54 |   115 ||   186

Table legend: (Time is in decaauts)
 A = Elapsed time spent in this place.
 B = Non-inter-level travel time spent in this place.
 C = Inter-level travel time spent in this place.
 D = Time resting spent in this place.
 E = Time spent auto-exploring this place.
 F = Levels seen in this place.
 G = Mean time per level.
                   A        B        C        D        E       F      G
               +--------+--------+--------+--------+--------+-----+--------+
         Total |   6751 |   6494 |    257 |   1142 |   3659 |   8 |  843.9 |
       Dungeon |   6413 |   6273 |    140 |   1142 |   3456 |   7 |  916.1 |
        Temple |    338 |    222 |    116 |      0 |    203 |   1 |  338.0 |
               +--------+--------+--------+--------+--------+-----+--------+

Top non-repeatable levels by time:
     D:3: 1476 daAuts
     D:5: 1399 daAuts
     D:6: 1183 daAuts
     D:1: 1004 daAuts
     D:2: 686 daAuts
     D:4: 474 daAuts
  Temple: 338 daAuts
     D:7: 187 daAuts
